 Dungeon Crawl Stone Soup version 0.31.0-1-g2c135a008e (webtiles) character file.

Game seed: 17060698281322404090

51 qw the Shooter (level 4, -1/33 HPs)
             Began as a Djinni Hunter on Jan 23, 2024.
             Slain by a hobgoblin (4 damage)
             ... led by Robin
             ... on level 2 of the Dungeon.
             The game lasted 00:00:03 (1010 turns).

qw the Shooter (Djinni Hunter)                      Turns: 1010, Time: 00:00:04

Health: -1/33      AC:  6    Str: 10    XL:     4   Next: 7%
Gold:   15         EV: 11    Int: 11    God:
                   SH:  0    Dex: 18

rFire   + + .        a - +0 shortbow
rCold   x . .        (shield currently unavailable)
rNeg    . . .        i - +0 ring mail
rPois   inf          k - +0 helmet
rElec   .            (no cloak)
rCorr   .            (no gloves)
SInv    .            (boots unavailable)
Will    .....        (no amulet)
Stlth   +            (no ring)
HPRegen 0.25/turn    (no ring)
MPRegen 0.00/turn

%: infuse magic (-2 HP)
@: flying
A: sickness immunity, fire resistance 2, cold vulnerability 1, float, innate
caster, HP casting, extra vitality 1
a: no special abilities


You were on level 2 of the Dungeon.
You visited 1 branch of the dungeon, and saw 2 of its levels.

You collected 54 gold pieces.
You spent 39 gold pieces at shops.


Innate Abilities, Weirdness & Mutations

You are immune to sickness and miasma.
You are immune to poison.
Your flesh is very heat resistant. (rF++)
You are vulnerable to cold. (rC-)
You float through the air rather than walking.
You learn spells naturally, not from books.
Your magical power is your life essence.
You have superior vitality. (+4 MHP)


   Skills:
 + Level 2.0 Fighting
 - Level 4.0 Ranged Weapons
 - Level 2.0 Armour
 - Level 2.1 Dodging
 - Level 0.7 Stealth


You knew the following spells:

 Your Spells              Type           Power      Damage    Failure   Level
a - Sting                 Conj/Alch      0%         1d3       65%         1
Your spell library was empty.

Inventory:

Hand Weapons
 a - a +0 shortbow (weapon)
Armour
 i - a +0 ring mail (worn)
 k - a +0 helmet (worn)
Scrolls
 g - a scroll of identify
Potions
 b - a potion of curing
 c - a potion of might {unknown}
 d - a potion of heal wounds {unknown}
 e - a potion of enlightenment
 f - a potion of attraction {unknown}

Dungeon Overview and Level Annotations

Branches:
Dungeon (2/15)

Altars:

Shops:
D:2 !

Annotations:
D:2 Robin


Message History

The goblins go into a battle-frenzy!
The goblin hits you with a +0 club.
You hear a shout!
You shoot an arrow. The arrow completely misses the goblin.
The goblin hits you with a +0 club. The hobgoblin hits you.
You shoot an arrow. The arrow barely misses the goblin.
Robin throws the goblin at you! The goblin hits you with a +0 club.
The goblin closely misses you. The goblin hits you but does no damage.
The hobgoblin hits you.
You shoot an arrow. The arrow hits the goblin.
The goblin is heavily wounded.
The goblin hits you but does no damage.
A goblin comes into view. It is wielding a +0 club.
The goblin hits you with a +0 club.
A goblin comes into view. It is wielding a +0 club.
The hobgoblin misses you. The goblin barely misses you.
The goblin hits you with a +0 club. The goblin barely misses you.
The hobgoblin barely misses you. The goblin hits you but does no damage.
You shoot an arrow. The arrow barely misses the goblin.
The goblin hits you but does no damage. The goblin barely misses you.
The hobgoblin hits you but does no damage.
The goblin hits you but does no damage.
You shoot an arrow. The arrow closely misses the goblin.
The goblin closely misses you. The goblin barely misses you. x2
The hobgoblin closely misses you.
You shoot an arrow. The arrow closely misses the goblin.
The goblin hits you with a +0 club. x2
The hobgoblin hits you but does no damage.
The goblin hits you with a +0 club.
A goblin comes into view. It is wielding a +0 club.
The goblin barely misses you. The goblin hits you but does no damage.
The goblin closely misses you. The hobgoblin closely misses you.
You shoot an arrow. The arrow hits the goblin!
You kill the goblin!
The goblin misses you. The hobgoblin barely misses you.
The goblin hits you with a +0 club.
You shoot an arrow. The arrow hits the goblin.
You kill the goblin!
Robin throws the goblin at you! The hobgoblin hits you.
You die...

#..####.##.#... ..
..............%. .g
...........#.## gg
#...###.####.## #g
#...###.# #)## #g
#....##.# #.## #g
#...##.# #.##
######g####...##.####.##
.?....g@................
######g).........######.
############# #% ##


You could see Robin, 2 hobgoblins and 6 goblins.

Vanquished Creatures
  Jessica (D:2)
  2 endoplasms (D:1)
  A giant cockroach (D:1)
  5 goblins
  4 hobgoblins
  A quokka (D:2)
  A ball python (D:1)
  3 bats
  A frilled lizard (D:2)
  3 kobolds
  3 rats
25 creatures vanquished.

Notes
Turn   | Place    | Note
-------+----------+-------------------------------------------
     0 | D:1      | qw the Djinni Hunter began the quest for the Orb.
     0 | D:1      | Reached XP level 1. HP: 18/18 MP: 0/0
     0 | D:1      | 0 ||| qw: Version: 0.3-a-132-g3d54051
     0 | D:1      | 0 ||| qw: Game counter: 638
     0 | D:1      | 0 ||| qw: Melee chars always use a shield: true
     0 | D:1      | 0 ||| qw: God list: Okawaru
     0 | D:1      | 0 ||| qw: Allow faded altars: false
     0 | D:1      | 0 ||| qw: Do Orc after clearing Dungeon:15 true
     0 | D:1      | 0 ||| qw: Do second Lair branch before Depths: true
     0 | D:1      | 0 ||| qw: Lair rune preference: random
     0 | D:1      | 0 ||| qw: Goals: Normal
     0 | D:1      | 0 ||| PLANNING D:1-11
   267 | D:1      | Reached XP level 2. HP: 23/23 MP: 0/0
   656 | D:1      | 656 ||| UPGRADING to +0 ring mail.
   666 | D:1      | 666 ||| DROPPING +0 leather armour.
   667 | D:1      | 667 ||| UPGRADING to +0 helmet.
   672 | D:1      | 672 ||| READING 2 scrolls labelled UGOSASS KAANEKK.
   672 | D:1      | 672 ||| IDENTIFYING smoky green potion
   673 | D:1      | 673 ||| READING scroll of identify.
   673 | D:1      | 673 ||| IDENTIFYING brown potion
   674 | D:1      | 674 ||| READING scroll labelled LEBYRGH ABBADA.
   675 | D:1      | 675 ||| READING scroll labelled NEMMAU DOPEGUO.
   676 | D:1      | 676 ||| DROPPING scroll of butterflies.
   677 | D:1      | 677 ||| DROPPING potion of degeneration.
   704 | D:2      | Noticed Jessica
   709 | D:2      | Killed Jessica
   710 | D:2      | Reached XP level 3. HP: 17/28 MP: 0/0
   710 | D:2      | Learned a level 1 spell: Sting
   710 | D:2      | 710 ||| FLEEEEING.
   714 | D:2      | 714 ||| STAIRDANCE
   802 | D:2      | Found Ziquanid's Distillery.
   810 | D:2      | 810 ||| BUYING potion of curing (39 gold).
   810 | D:2      | Bought a potion of curing for 39 gold pieces
   810 | D:2      | 810 ||| SHOPLISTING potion of enlightenment (65 gold, have
                  | 1).
   841 | D:2      | Reached XP level 4. HP: 13/33 MP: 0/0
   841 | D:2      | HP: 8/33 [goblin/+3 dagger (5)]
   843 | D:2      | Reached skill level 4 in Ranged Weapons
  1000 | D:2      | Noticed Robin
  1008 | D:2      | HP: 8/33 [goblin/+0 club[Robin] (5)]
  1009 | D:2      | HP: 2/33 [goblin/+0 club[Robin] (5)]
  1010 | D:2      | Slain by a hobgoblin

Levels and vault maps discovered:
D:1:      sevenhm_arrival_forest_fort_small_5, layout_rooms,
          kennysheep_minor_cross, minmay_splitting_lines
D:2:      layout_loops_ring, serial_shops, nicolae_shop_tiny_statue_garden,
          uniq_jessica, uniq_robin, uniq_terence

Skill      XL: |  1  2  3  4 |
---------------+-------------+-----
Armour         | 2 |  2.0
Ranged Weapons | 4 |  4.0
Fighting       | |  2.0
Dodging        | |  2.1
Stealth        | |  0.7

Action                     |  1- 3 |  4- 6 || total
---------------------------+-------+-------++-------
   Fire: Shortbow          |    79 |    18 ||    97
    Use: Scroll            |     4 |       ||     4
 Armour: Leather armour    |    25 |       ||    25
         Ring mail         |    17 |    26 ||    43
  Dodge: Dodged            |    51 |    19 ||    70

Table legend:
 A = Non-vault XP
 B = Vault XP
 C = Vault XP percentage of total XP
 D = Non-vault monster count
 E = Vault monster count
 F = Vault count percentage of total count
                 A         B        C        D         E       F
            +---------+---------+-------+---------+---------+-------
      Total |      35 |      41 |  53.9 |      22 |       3 |  12.0
            +---------+---------+-------+---------+---------+-------
        D:1 |      24 |       0 |   0.0 |      15 |       0 |   0.0
        D:2 |      11 |      41 |  78.8 |       7 |       3 |  30.0
            +---------+---------+-------+---------+---------+-------
